[Event "Early-Titled-Tuesday-Blitz-October-03-2023"]
[Site "Chess.com"]
[Date "2023.10.03"]
[Round "7"]
[White "APOKALIPSA13"]
[Black "Alenzer"]
[Result "0-1"]
[WhiteElo "2153"]
[BlackElo "2093"]
[TimeControl "180+1"]
[EndTime "9:20:36 PDT"]
[Termination "Alenzer won by resignation"]

1. e4 c5 2. Nc3 e6 3. Nf3 Nc6 4. d4 cxd4 5. Nxd4 Nf6 6. Nxc6 bxc6 7. Bg5 Bb4 8. e5 Qa5 9. exf6 Qxg5 10. fxg7 Qxg7 11.
Qd2 d5 12. O-O-O O-O 13. h4 e5 14. Qd3 e4 15. Qd4 Qxd4 16. Rxd4 Bc5 17. Rd2 f5 18. Na4 Bd6 19. g3 f4 20. c4 Be6 21.
Bh3 Bxh3 22. Rxh3 Bb4 23. Re2 Rad8 24. a3 Bd6 25. gxf4 Bxf4+ 26. Kb1 Rfe8 27. Nc3 Be5 28. Nd1 Bd4 29. f3 exf3 30. Rg3+ Kh8 31. Rxe8+ Rxe8 32. Rxf3 Kg7 33. cxd5 cxd5 34. Rd3 Re4 35. Nc3 Bxc3 36.
bxc3 Re5 37. Kc2 Kf6 38. Kb3 Ke6 39. Kb4 Re4+ 40. Rd4 Re1 41. Ka5 Rc1 42. Rd3 Ke5 43. Re3+ Kd6 44. a4 Kc5 45. Re8 Rxc3 46. Ka6 Ra3 47. a5 d4 48. Rc8+ Kd5 49. Rc7 d3 50. Rxa7 Kc6 51. Ra8 Kc7 52. Rh8 d2 53. Rxh7+ Kc6 54.
Rh6+ Kc5 55. Rh5+ Kc4 56. Kb6 d1=Q 57. Rc5+ Kb4 58. Rb5+ Ka4 59. a6 Qd6+ 60. Ka7 Kxb5 0-1

[Event "Early-Titled-Tuesday-Blitz-October-03-2023"]
[Site "Chess.com"]
[Date "2023.10.03"]
[Round "7"]
[White "elmusmolamas"]
[Black "ajedrezhoy"]
[Result "1-0"]
[WhiteElo "2542"]
[BlackElo "2371"]
[TimeControl "180+1"]
[EndTime "9:20:37 PDT"]
[Termination "elmusmolamas won by resignation"]

1. e4 Nf6 2. Nc3 d5 3. exd5 Nxd5 4. Bc4 Nb6 5. Bb3 c5 6. d3 Nc6 7.
Nf3 Bf5 8. O-O e6 9. Qe2 Be7 10. Ne5 Nxe5 11. Qxe5 O-O 12. Bf4 Rc8 13. Rad1 Bf6 14.
Qe3 Nd5 15. Nxd5 exd5 16. Qf3 Be6 17. c3 Qd7 18. Qg3 Rfd8 19. Be5 Bxe5 20. Qxe5 Qd6 21. Qxd6 Rxd6 22. d4 c4 23. Bc2 b5 24. f4 g6 25.
Rde1 a5 26. f5 gxf5 27. Bxf5 b4 28. Re3 Bxf5 29. Rxf5 bxc3 30. bxc3 Rb8 31. h4 Rb2 32. h5 h6 33. Re7 Kf8 34. Rfxf7+ Kg8 35. Rg7+ Kf8 36.
Ref7+ Ke8 37. Ra7 Kf8 38. Rgf7+ Kg8 39. Rg7+ Kh8 40. Rh7+ Kg8 41. Rag7+ Kf8 42. Rb7 Rxb7 43. Rxb7 a4 44. Ra7 Rb6 45. Rxa4 Rb1+ 46. Kh2 Rc1 47. Ra3 Kf7 48. Kg3 Kf6 49. Kf4 Rf1+ 50. Kg4 Rc1 51. g3 Rc2 52. Kf4 Rf2+ 53. Ke3 Rg2 54. Kf3 Rc2 55. Kf4 Rf2+ 56. Kg4 Rc2 57. Ra6+ Kg7 58. Kf5 Rxc3 59. Ra7+ Kf8 60. g4 Rd3 61. Ke5 c3 62. Rc7 Rg3 63. Kxd5 Rxg4 64. Rxc3 Rg5+ 65. Kc6 Rxh5 66. d5 Ke7 67. d6+ Kd8 68. Ra3 Ke8 69. d7+ Ke7 70. Re3+ 1-0

[Event "Early-Titled-Tuesday-Blitz-October-03-2023"]
[Site "Chess.com"]
[Date "2023.10.03"]
[Round "7"]
[White "Krakozia"]
[Black "igorkovalenko"]
[Result "0-1"]
[WhiteElo "3008"]
[BlackElo "2880"]
[TimeControl "180+1"]
[EndTime "9:20:38 PDT"]
[Termination "igorkovalenko won on time"]

1. Nf3 d5 2. g3 c6 3. Bg2 Bg4 4. O-O Nd7 5. d3 e6 6. h3 Bxf3 7. Bxf3 h5 8. Bg2 Qc7 9. e4 Bc5 10. d4 Bb6 11. c4 dxe4 12. Nc3 Ngf6 13. c5 Ba5 14. Bf4 Qd8 15. Qb3 Qc8 16. Nxe4 Nxe4 17.
Bxe4 Bc7 18. Bg5 Nf6 19. Bxf6 gxf6 20. Rfe1 Kf8 21. Kg2 Rb8 22. h4 f5 23. Bc2 Qd8 24.
Rad1 Qf6 25. f4 Rg8 26. Qf3 Qxh4 27. Rf1 Qf6 28. Qxh5 Rg4 29. Rd3 Ke7 30. Bd1 Rg6 31. Qf3 Rbg8 32. Qf2 Qh4 33. Rb3 Kd8 34. Rh1 Qf6 35.
Rh3 Kc8 36. Qd2 a5 37. Rd3 Rh6 38. Bh5 Qh8 39. Qe2 Rg7 40. Rd1 Bxf4 41. Rdh1 Kb8 42. Qf3 Bc7 43. Bxf7 Rxh3 44. Rxh3 Qc8 45. Bh5 Qd7 46.
Qe3 f4 47. Qe4 Rxg3+ 48. Rxg3 fxg3 49. Bf3 Qf7 50. Qg4 Qh7 51. Qh5 Qc2+ 52. Be2 Qxb2 53.
Qg4 Qxa2 54. Qe4 a4 0-1

[Event "Early-Titled-Tuesday-Blitz-October-03-2023"]
[Site "Chess.com"]
[Date "2023.10.03"]
[Round "7"]
[White "Orest_Vovk"]
[Black "AEMEffi"]
[Result "1/2-1/2"]
[WhiteElo "2512"]
[BlackElo "2392"]
[TimeControl "180+1"]
[EndTime "9:20:39 PDT"]
[Termination "Game drawn - insufficient material"]

1. h4 d5 2. h5 e5 3. h6 Nxh6 4.
d4 e4 5. Bxh6 gxh6 6. e3 Bf5 7.
c4 c6 8. Qb3 Qb6 9. Nc3 Qxb3 10. axb3 dxc4 11. bxc4 Nd7 12. c5 Rg8 13. b4 Rg6 14. b5 Bg7 15. bxc6 bxc6 16. Kd2 a5 17. Nh3 Bxh3 18. Rxh3 f5 19. g3 Nf6 20. Bc4 Ng4 21.
Ke2 Rb8 22. Ra2 Kd7 23. Na4 Rb4 24. Nb6+ Kc7 25. Rh5 Rg5 26. Rh1 h5 27. Rh4 Bf6 28. Rxg4 fxg4 29. Rxa5 Rxb6 30. cxb6+ Kxb6 31. Rxg5 Bxg5 32. Be6 c5 33. dxc5+ Kxc5 34. Bf5 Kd5 35. Bxh7 Ke5 36. Kf1 h4 37. gxh4 Bxh4 38. Kg2 g3 39. fxg3 Bg5 40. Kf2 Bh6 41. g4 Bg5 42. Bf5 Bh6 43. Ke2 Bg5 44. Bc8 Bh6 45. Kf2 Bg5 46.
Ke2 Bh6 47. Kf2 Bg5 48. Bd7 Bh6 49. Bf5 Bg5 50. Ke2 Bh6 51. Bh7 Bg5 52. Bg8 Bh6 53. Ba2 Bg5 54. Bb1 Bh6 55. Bc2 Bg5 56. Bd1 Bh6 57.
Ba4 Bg5 58. Bb5 Bh6 59. Ba6 Bg5 60. Bb7 Bh6 61. Ba8 Bg5 62. Kf2 Bh6 63. Kg3 Bxe3 64. Bxe4 Kxe4 65. g5 Bxg5 1/2-1/2

[Event "Early-Titled-Tuesday-Blitz-October-03-2023"]
[Site "Chess.com"]
[Date "2023.10.03"]
[Round "7"]
[White "Maxfan2008"]
[Black "tolimachess"]
[Result "0-1"]
[WhiteElo "2562"]
[BlackElo "2443"]
[TimeControl "180+1"]
[EndTime "9:20:40 PDT"]
[Termination "tolimachess won on time"]

1. d4 c5 2. d5 e5 3. Nc3 d6 4. e4 Be7 5. Bb5+ Bd7 6. a4 Nf6 7. Nf3 O-O 8. O-O h6 9. h3 Nh7 10. Be3 f5 11. exf5 Bxf5 12. Bd3 Nd7 13. Qd2 Qe8 14.
Bxf5 Rxf5 15. Ne4 Qg6 16. Nh2 Raf8 17. f3 Nhf6 18. Nxf6+ Bxf6 19. Kh1 Bg5 20. Bxg5 Qxg5 21.
Qxg5 Rxg5 22. Rae1 Nb6 23. Re4 Nxd5 24. Rd1 Nf6 25.
Re2 d5 26. g4 e4 27. f4 Rg6 28. f5 Rg5 29. h4 Rxg4 30. Nxg4 Nxg4 31. Rxd5 b6 32.
Kg2 Nf6 33. Rd6 Nh5 34. Rxe4 Rxf5 35. Rd8+ Kh7 36. Re7 Rf4 37. Rxa7 Rxh4 38. Rb7 Rg4+ 39. Kf3 Rxa4 40. Rxb6 Rc4 41. c3 Rf4+ 42. Ke3 Rg4 43. Rd5 Nf6 44. Rxc5 Nd7 45. Rcc6 Nxb6 46. Rxb6 h5 47.
Kf3 Rg1 48. b4 h4 49. Kf2 Rg5 50. Ra6 h3 51. Ra1 Rg2+ 52. Kf3 g5 53. Ra7+ Kh6 54. Ra8 g4+ 55. Kf4 h2 56. Rh8+ Kg7 57. Rh4 g3 58. Kf3 Rg1 59. Rg4+ Kf6 60. Rf4+ Ke5 61. Re4+ Kd5 62. c4+ Kc6 63. Re6+ Kd7 0-1

[Event "Early-Titled-Tuesday-Blitz-October-03-2023"]
[Site "Chess.com"]
[Date "2023.10.03"]
[Round "7"]
[White "hellokostya"]
[Black "Byniolus"]
[Result "0-1"]
[WhiteElo "2548"]
[BlackElo "2739"]
[TimeControl "180+1"]
[EndTime "9:20:44 PDT"]
[Termination "Byniolus won by resignation"]

1. Nf3 d5 2. e3 Nf6 3. c4 c6 4. Nc3 Bg4 5. h3 Bxf3 6. Qxf3 e6 7. d4 Nbd7 8. cxd5 cxd5 9. Bd3 Bd6 10. O-O O-O 11. e4 dxe4 12. Nxe4 Be7 13. Nxf6+ Nxf6 14.
Qxb7 Qxd4 15. Rd1 Qb4 16. Qxb4 Bxb4 17. a3 Bc5 18. b4 Bb6 19. Bb2 Nd5 20. Be4 Rfd8 21.
Bxd5 exd5 22. Rd2 Rd7 23. Rad1 Rad8 24. Bd4 f6 25. Bxb6 axb6 26. Rd4 Kf7 27. Kf1 Ke6 28. Rc1 Rd6 29. Ke2 h5 30. Kd3 g5 31. Rc7 Ra8 32. g3 Rxa3+ 33. Ke2 Rb3 34. Rh7 Ke5 35. Rd2 Rxb4 36. Rxh5 Kf5 37. Rh8 b5 38. Rb8 Re4+ 39. Kf3 Rb4 40. Ke2 d4 41. Rd3 Rb2+ 42. Kf3 b4 43.
Rb5+ Ke6 44. h4 gxh4 45. gxh4 Rd5 46. Rb6+ Ke5 47. h5 Rb1 48. h6 Rh1 49. Rxb4 Rxh6 50.
Rb8 Kf5 51. Re8 Re5 52. Rg8 Rh3+ 53. Rg3 Rh4 54. Rg8 Rf4+ 55. Kg3 Ke4 56. Rd2 Rg5+ 57.
Rxg5 fxg5 58. Ra2 Kd3 59. Ra5 Kc3 60. Rxg5 Rf7 61. Rc5+ Kd2 62. f4 d3 63. Rd5 Ke3 64.
f5 Ke4 65. Rxd3 Kxd3 66. Kf4 Kd4 67. f6 Rxf6+ 0-1

[Event "Early-Titled-Tuesday-Blitz-October-03-2023"]
[Site "Chess.com"]
[Date "2023.10.03"]
[Round "7"]
[White "QuintilianoR"]
[Black "Ducke13"]
[Result "1-0"]
[WhiteElo "2654"]
[BlackElo "2497"]
[TimeControl "180+1"]
[EndTime "9:20:46 PDT"]
[Termination "QuintilianoR won by checkmate"]

1. Nf3 Nf6 2. g3 g6 3. Bg2 Bg7 4. O-O O-O 5. c4 c5 6. Nc3 Nc6 7. d4 cxd4 8. Nxd4 Qa5 9. Nb3 Qh5 10. e4 Qxd1 11. Rxd1 d6 12. h3 Nd7 13. Nd5 a5 14. a4 Rd8 15. Bg5 Kf8 16. Rd2 h6 17. Be3 Nde5 18. Rc1 Bxh3 19. Bxh3 Nf3+ 20. Kg2 Nxd2 21. Nxd2 Bxb2 22. Rb1 Bg7 23. Rxb7 e6 24.
Nf4 Rdb8 25. Rd7 Be5 26. Nf3 g5 27. Nh5 Rd8 28. Rc7 Rac8 29. Rb7 Rb8 30. Rb5 Nb4 31. Nxe5 dxe5 32. Rxe5 Nd3 33. Rxa5 Rb4 34. Ra7 Ne1+ 35. Kf1 Rd1 36. Ke2 Ra1 37. Bc5+ Ke8 38. Nf6+ Kd8 39. Bxb4 Nc2 40. Bd6 Nd4+ 41. Ke3 Nc2+ 42. Kd2 Kc8 43. Rc7+ Kd8 44. Kxc2 Rxa4 45. Rb7 Rxc4+ 46. Kd3 Rc1 47.
Rb8+ Rc8 48. Rxc8+ Kxc8 49. Ng8 h5 50. Be7 g4 51. Bxg4 hxg4 52. Nh6 Kd7 53. Bf6 Ke8 54. Nxg4 Kf8 55. Kd4 Kg8 56. Be5 Kh7 57. Bf4 Kg6 58. Ne3 Kh5 59. e5 Kg6 60. f3 Kh5 61. g4+ Kg6 62.
Ng2 Kg7 63. Ke4 Kg6 64. Be3 Kg7 65. Kf4 Kg6 66. Nh4+ Kg7 67. Kg5 Kf8 68. Ng2 Kg7 69.
Nf4 Kf8 70. Kf6 Kg8 71. Nh3 Kf8 72. Ng5 Kg8 73. Nxf7 Kf8 74. Ng5 Kg8 75. Nxe6 Kh8 76. Ng5 Kg8 77. e6 Kh8 78. e7 Kg8 79. e8=Q# 1-0

[Event "Early-Titled-Tuesday-Blitz-October-03-2023"]
[Site "Chess.com"]
[Date "2023.10.03"]
[Round "7"]
[White "PeshkaCh"]
[Black "grzechu96"]
[Result "1-0"]
[WhiteElo "2801"]
[BlackElo "2674"]
[TimeControl "180+1"]
[EndTime "9:20:48 PDT"]
[Termination "PeshkaCh won on time"]

1. Nf3 c5 2. c4 Nc6 3. Nc3 g6 4.
g3 Bg7 5. Bg2 e6 6. O-O Nge7 7.
d3 O-O 8. a3 d5 9. cxd5 exd5 10. Bg5 h6 11. Bxe7 Nxe7 12. Rc1 Be6 13. d4 c4 14. e4 Rc8 15. exd5 Nxd5 16. Re1 Qa5 17. Ne5 Nxc3 18. Rxc3 Bd5 19. Qg4 Bxg2 20. Kxg2 Qd5+ 21.
Qe4 Rfd8 22. Qxd5 Rxd5 23. Rxc4 Rxc4 24. Nxc4 Rxd4 25. Re8+ Kh7 26. Ne3 Rd7 27. b4 Bd4 28.
Kf3 Kg7 29. h4 h5 30. a4 a6 31. Re4 Ba7 32. Ke2 Kf8 33. Rc4 Ke7 34. Re4+ Kd8 35.
Nc4 Bd4 36. b5 axb5 37. axb5 Bc5 38. Ne5 Re7 39. Kf3 Kc7 40. Nd3 Bd6 41. Rxe7+ Bxe7 42. Ne5 Kb6 43. Nxf7 Kxb5 44. Ne5 Bf6 45. Nxg6 Kc4 46.
Ke2 Kc3 47. Nf4 Be5 48. Nd5+ Kc2 49. f4 Bd6 50. Ke3 b5 51. Ke4 Kb3 52. Kd4 Ka4 53. Nc3+ Ka5 54. Nxb5 Kxb5 55. Kd5 Bb8 56. Ke6 Kc5 57. Kf5 Kd5 58. Kg5 Ke4 59. Kxh5 Kf5 60.
Kh6 Kg4 61. h5 Kxg3 62. f5 Be5 63. Kg6 Kg4 64. h6 Kf4 65. f6 1-0

[Event "Early-Titled-Tuesday-Blitz-October-03-2023"]
[Site "Chess.com"]
[Date "2023.10.03"]
[Round "7"]
[White "ljm509"]
[Black "Cambek64"]
[Result "1-0"]
[WhiteElo "2328"]
[BlackElo "2450"]
[TimeControl "180+1"]
[EndTime "9:20:48 PDT"]
[Termination "ljm509 won on time"]

1. e4 b6 2. d4 Bb7 3. Bd3 Nf6 4.
Nc3 e6 5. Nge2 d5 6. e5 Nfd7 7. Nb1 Ba6 8. O-O Bxd3 9. Qxd3 Qc8 10. c4 Qa6 11. b3 c6 12. Nbc3 Be7 13. f4 g6 14. Be3 h5 15. Rad1 Qb7 16. Rc1 a6 17. a4 Nf8 18. Rc2 a5 19. cxd5 cxd5 20. Nb5 Na6 21. Qc3 Bb4 22. Qc6+ Qxc6 23. Rxc6 Nd7 24. Rfc1 O-O 25. Nc7 Nxc7 26. Rxc7 Rfd8 27. Bf2 Nf8 28. Bh4 Rdb8 29. Nc3 Bxc3 30. R1xc3 b5 31. axb5 Rxb5 32. Rc8 Rbb8 33. Rxb8 Rxb8 34. Rc5 Rxb3 35.
Rc8 a4 36. Be7 a3 37. Rxf8+ Kh7 38. Ra8 g5 39. Bxg5 Kg6 40. h3 Kf5 41. Be7 Kxf4 42. Rxa3 Rb1+ 43. Kh2 Rd1 44. Bc5 Rf1 45. Ra8 Ke4 46.
Rh8 Rf5 47. Kg3 Ke3 48. Kh4 Kf2 49. g4 hxg4 50. hxg4 Rf3 51. Kg5 Kg3 52. Kh5 Kf4 53.
Kh6 Kxg4 54. Kg7 Rf5 55. Rf8 1-0

[Event "Early-Titled-Tuesday-Blitz-October-03-2023"]
[Site "Chess.com"]
[Date "2023.10.03"]
[Round "7"]
[White "Frolyanov_D"]
[Black "FairChess_on_YouTube"]
[Result "1/2-1/2"]
[WhiteElo "2680"]
[BlackElo "3048"]
[TimeControl "180+1"]
[EndTime "9:20:50 PDT"]
[Termination "Game drawn - insufficient material"]

1. d4 Nf6 2. c4 d6 3. Nf3 g6 4. Nc3 Bf5 5. g3 Bg7 6. Bg2 Ne4 7. Nh4 Nxc3 8. bxc3 Bc8 9. O-O O-O 10. Rb1 Nc6 11. f4 e5 12. f5 exd4 13. cxd4 Bxd4+ 14. Kh1 Bf6 15. Bh6 Re8 16. Bd5 g5 17. e4 Ne5 18.
Nf3 c6 19. Nxe5 Rxe5 20. Bxf7+ Kxf7 21. Qh5+ Kg8 22. h4 Qe8 23. Qxe8+ Rxe8 24. hxg5 Be5 25. f6 Kf7 26. Bg7 b6 27. Kg2 Ba6 28.
Rh1 Bxc4 29. Rxh7 Bd3 30. Re1 Bc3 31. Bh6+ Ke6 32. Re3 Bc2 33. f7 Bd4 34. fxe8=Q+ Rxe8 35. Re2 Bd3 36. Re1 c5 37. g6 Kf6 38. g7 Bc4 39. Rh8 Rg8 40. Rf1+ Kg6 41. Rf8 Rxg7 42. Bxg7 Bxg7 43.
Ra8 Bxa2 44. Rhd8 Be5 45. Rxa7 Bb1 46. Rad7 Bxe4+ 47. Kf1 Kf5 48. Rxd6 Bxd6 49. Rxd6 b5 50. Ke2 b4 51. Kd2 c4 52. Rd8 c3+ 53. Kc1 b3 54.
Rb8 Bc2 55. Rb4 Ke5 56. g4 Kd5 57. g5 Kc5 58. Rb8 Kc4 59. Rb7 Be4 60. Rb6 Bf5 61.
g6 b2+ 62. Rxb2 cxb2+ 63. Kxb2 Bxg6 1/2-1/2

[Event "Early-Titled-Tuesday-Blitz-October-03-2023"]
[Site "Chess.com"]
[Date "2023.10.03"]
[Round "7"]
[White "inegrepus"]
[Black "valemava"]
[Result "0-1"]
[WhiteElo "2175"]
[BlackElo "2284"]
[TimeControl "180+1"]
[EndTime "9:20:51 PDT"]
[Termination "valemava won by checkmate"]

1. d4 c6 2. c4 b5 3. cxb5 cxb5 4. e4 Bb7 5. Qc2 Nc6 6. Nf3 Rc8 7. Qd1 Qb6 8. Be3 Nb4 9. Bd3 d5 10. e5 Nxd3+ 11. Qxd3 b4 12. Nbd2 Ba6 13. Qb3 e6 14. a3 Qb5 15. Qd1 Nh6 16. Nb3 Nf5 17.
a4 Qb6 18. Rc1 Rc4 19. Nfd2 Rxc1 20. Qxc1 Be7 21. Nc5 Bxc5 22. Qxc5 Qxc5 23. dxc5 d4 24. Bg5 h6 25. Bf4 g5 26. g4 Ne7 27. Bg3 Nc6 28.
Ne4 Ke7 29. Kd2 Na5 30. f4 Nc4+ 31. Kc1 gxf4 32. Bxf4 Bb7 33. Re1 Rg8 34. h3 Rg6 35. b3 Na5 36. Kc2 Bd5 37. Nd2 Kd7 38. Kd3 Kc6 39. Kxd4 Bxb3 40. Rb1 Bd5 41. Rxb4 h5 42.
g5 h4 43. Ne4 Bxe4 44. Kxe4 Nb7 45. Be3 Rg8 46. Rd4 Nxc5+ 47. Kf4 Nb7 48. Rd3 a5 49.
Kg4 Rh8 50. Bf2 Rh7 51. Bxh4 Nc5 52. Rc3 Kd5 53. Rc1 Nxa4 54. Ra1 Nc3 55. Rxa5+ Ke4 56. Ra7 Kxe5 57. Bg3+ Kd5 58. h4 Ne4 59. h5 Rg7 60. Bf4 e5 61. Be3 Nxg5 62. Ra5+ Ke6 63. Bxg5 f6 64. h6 Rxg5+ 65. Kh4 Rg1 66. Ra6+ Kf5 67. Ra3 Rh1+ 68. Kg3 Rxh6 69. Rf3+ Kg5 70. Ra3 Kf5 71.
Ra8 Rh7 72. Kf2 Rb7 73. Ke2 Rb2+ 74. Kf3 Rb3+ 75. Kf2 Kf4 76. Ra4+ e4 77. Ra6 f5 78. Ra5 Rb2+ 79. Kf1 e3 80. Ra4+ Kf3 81. Ra3 Rb1# 0-1

[Event "Early-Titled-Tuesday-Blitz-October-03-2023"]
[Site "Chess.com"]
[Date "2023.10.03"]
[Round "7"]
[White "Sadykov_Ramil"]
[Black "Rodalquilar"]
[Result "1/2-1/2"]
[WhiteElo "2608"]
[BlackElo "2719"]
[TimeControl "180+1"]
[EndTime "9:20:54 PDT"]
[Termination "Game drawn by repetition"]

1. e4 d5 2. d3 Nf6 3. Nd2 e6 4. Qe2 Be7 5. Ngf3 c5 6. g3 Nc6 7. Bg2 b6 8. O-O Bb7 9. Re1 Qc7 10. Nf1 h6 11. h4 O-O-O 12. exd5 Nxd5 13. Ne3 Nxe3 14.
Bxe3 Nd4 15. Bxd4 cxd4 16. Ne5 Bxg2 17. Kxg2 Bf6 18. a4 Bxe5 19. Qxe5 Qxe5 20. Rxe5 Kb7 21. Kf3 Rc8 22. Re2 Rc5 23. b3 Rhc8 24. Ra2 Ka6 25.
b4 Rd5 26. Re4 Rc7 27. g4 g5 28. hxg5 hxg5 29. Ke2 Kb7 30. Kd2 Kc6 31. Ra1 Kd6 32.
f4 f5 33. gxf5 exf5 34. Re8 g4 35. Rae1 a5 36. R8e6+ Kd7 37. Rxb6 axb4 38. Rxb4 Kc8 39. Rb5 Rxb5 40. axb5 Rc5 41. Re5 Rc7 42. c4 Rg7 43. c5 g3 44. Re1 Rg4 45. Rg1 Kc7 46. Ke2 Rg7 47. Kf3 Re7 48. Rxg3 Re1 49. Rg7+ Kc8 50. b6 Rf1+ 51. Ke2 Rc1 52. Rf7 Rxc5 53. Re7 Rc2+ 54. Kf3 Rd2 55. Re5 Rxd3+ 56. Ke2 Rh3 57. Rxf5 Kb7 58. Rf6 d3+ 59. Kd2 Rf3 60. f5 Ka6 61.
Kc3 Kb7 62. Kd2 Ka6 63. Kc3 Kb7 64. Kd2 1/2-1/2

[Event "Early-Titled-Tuesday-Blitz-October-03-2023"]
[Site "Chess.com"]
[Date "2023.10.03"]
[Round "7"]
[White "Herzog2012"]
[Black "Quattroporte300"]
[Result "1-0"]
[WhiteElo "2515"]
[BlackElo "2378"]
[TimeControl "180+1"]
[EndTime "9:20:54 PDT"]
[Termination "Herzog2012 won on time"]

1. e4 c5 2. Nf3 d6 3. d4 cxd4 4. Nxd4 Nf6 5. Nc3 Nc6 6. Bg5 e6 7. Qd2 a6 8. O-O-O Be7 9. f4 Bd7 10. Be2 Rc8 11. Bf3 O-O 12. Qe3 Qc7 13. Nxc6 Bxc6 14.
e5 dxe5 15. fxe5 Nd5 16. Bxd5 Bxg5 17. Qxg5 Bxd5 18. Rhe1 b5 19. Re2 Bc4 20. Red2 b4 21. Ne4 Kh8 22. b3 Qa5 23. Kb1 Bd5 24. Nf6 Rfd8 25.
Nxd5 Rxd5 26. Rxd5 exd5 27. Qf5 Qc5 28. Rc1 Kg8 29. e6 fxe6 30. Qxe6+ Kh8 31. Qxa6 d4 32. Qd3 h6 33. Rf1 Ra8 34. Qf5 Qa7 35. Kc1 Qxa2 36. Qd3 Qa1+ 37. Kd2 Qc3+ 38. Qxc3 dxc3+ 39. Kd3 Rd8+ 40. Kc4 Rd2 41. Kxb4 Rxc2 42. Rg1 g5 43. Kc4 Kg7 44.
Kd3 Ra2 45. Kxc3 Kf6 46. h3 Ke5 47. b4 Kf4 48. Kb3 Ra8 49. Rb1 Kg3 50. Rb2 h5 51. Kc4 Rc8+ 52. Kd5 Rd8+ 53. Ke5 g4 54. hxg4 hxg4 55.
b5 Rb8 56. b6 Kh2 57. Kf4 g3 58. b7 Rf8+ 59. Kg4 Rg8+ 60. Kh4 Rh8+ 61. Kg5 1-0

[Event "Early-Titled-Tuesday-Blitz-October-03-2023"]
[Site "Chess.com"]
[Date "2023.10.03"]
[Round "7"]
[White "CheckThis4"]
[Black "VovenRogel"]
[Result "0-1"]
[WhiteElo "2700"]
[BlackElo "2863"]
[TimeControl "180+1"]
[EndTime "9:20:55 PDT"]
[Termination "VovenRogel won on time"]

1. d4 Nf6 2. c4 e6 3. Nc3 Bb4 4.
Qc2 c5 5. dxc5 O-O 6. Nf3 Bxc5 7.
e3 b6 8. a3 Bb7 9. b4 Be7 10.
Be2 a5 11. b5 d6 12. Bb2 Nbd7 13. O-O Rc8 14. Rfd1 Qc7 15. Na4 Qb8 16. Rac1 Rc7 17.
Ba1 Rfc8 18. Qb2 Bxf3 19. gxf3 Ne5 20. Qd4 Ned7 21. Kh1 d5 22. Rg1 Bxa3 23. Rxg7+ Kxg7 24. Rg1+ Kf8 25. Qh4 Rxc4 26. Bxc4 Rxc4 27. Qh6+ Ke7 28. Nb2 Rc8 29. Nd3 Rg8 30. Rg5 Rg6 31. Qh4 Rxg5 32. Qxg5 Qc7 33. Bd4 Bc5 34. Ne5 Bxd4 35. Nc6+ Kf8 36.
Qh6+ Ke8 37. exd4 Qd6 38. Qg7 a4 39. Qg1 a3 40. Qd1 Nb8 41. Qa4 Nxc6 42. bxc6 b5 43. Qxb5 Qc7 44. Qa4 a2 45. Kg2 a1=Q 46. Qxa1 Qxc6 47. Qa7 Kf8 48. Qb8+ Ne8 49. Qg3 Qd6 50. Qh4 Qe7 51. Qxh7 Qg5+ 52. Kf1 Nf6 53. Qh8+ Ke7 54. Qb8 Qc1+ 55. Kg2 Qg5+ 56. Kf1 Nh5 57. Qc7+ Kf8 58. Qd6+ Kg7 59. Qc7 Nf4 60. Ke1 Qg1+ 61. Kd2 Qxf2+ 62. Kc3 Qxf3+ 63. Kb4 Ng6 64. Qd8 Qf4 65. Kc5 Qxh2 66.
Qg5 Qc7+ 0-1

[Event "Early-Titled-Tuesday-Blitz-October-03-2023"]
[Site "Chess.com"]
[Date "2023.10.03"]
[Round "7"]
[White "rasmussvane"]
[Black "MightyGMpretender"]
[Result "1/2-1/2"]
[WhiteElo "2954"]
[BlackElo "2820"]
[TimeControl "180+1"]
[EndTime "9:20:58 PDT"]
[Termination "Game drawn - insufficient material"]

1. Nf3 g6 2. e4 Bg7 3. d4 d6 4.
Bd3 Nc6 5. d5 Nb8 6. O-O Nf6 7.
Nc3 O-O 8. h3 Nbd7 9. Re1 a5 10.
Be3 Nc5 11. e5 Nfd7 12. e6 fxe6 13. dxe6 Ne5 14. Nxe5 Bxe5 15. Bxc5 Bxc3 16. bxc3 dxc5 17. Qg4 Rf6 18. Re5 Qd6 19. Rae1 b5 20. Bxb5 Rb8 21.
Bd3 Rb6 22. h4 c4 23. Bxc4 Qd2 24. Qg3 Ba6 25. Bxa6 Rxa6 26. h5 Rd6 27. R5e2 Qd5 28. h6 Qh5 29. Qe3 g5 30. Qe4 Rxh6 31. f3 Qh2+ 32.
Kf2 Kg7 33. Qg4 Rg6 34. Qg3 Qxg3+ 35. Kxg3 Rc6 36. Re3 h5 37. Kf2 Rf6 38. R1e2 Kg6 39. Ke1 Rb6 40. Re5 a4 41. Ra5 Rfxe6 42. Rxa4 Rb1+ 43. Kf2 Rxe2+ 44. Kxe2 Rg1 45. Kf2 Rc1 46. Rc4 Rxc2+ 47. Kg3 Rxa2 48. Rxc7 e5 49. Rc6+ Kf5 50. c4 h4+ 51. Kh3 Ra1 52. Kh2 g4 53. fxg4+ Kxg4 54. c5 e4 55. Rc8 Rc1 56. c6 e3 57. c7 e2 58. Rg8+ Kf4 59. Re8 e1=Q 60. Rxe1 Rxc7 61. Kh3 Rg7 62. Re2 Rg8 63. Rc2 Ke3 64. Rc4 Kf2 65.
Rf4+ Kg1 66. Ra4 Rg3+ 67. Kxh4 Kh2 68. Ra2 Rxg2 69. Rxg2+ Kxg2 1/2-1/2

[Event "Early-Titled-Tuesday-Blitz-October-03-2023"]
[Site "Chess.com"]
[Date "2023.10.03"]
[Round "7"]
[White "IngOscarArdila"]
[Black "Mr_Lion22"]
[Result "0-1"]
[WhiteElo "2319"]
[BlackElo "2489"]
[TimeControl "180+1"]
[EndTime "9:21:00 PDT"]
[Termination "Mr_Lion22 won by resignation"]

1. d4 Nf6 2. c4 g6 3. Nc3 d5 4.
Nf3 Bg7 5. e3 O-O 6. Be2 e6 7.
O-O b6 8. b3 Bb7 9. Bb2 Nbd7 10. Rc1 a6 11. h3 Qe7 12. Qd2 dxc4 13. bxc4 Rfd8 14. Qc2 c5 15. Rfd1 cxd4 16. Nxd4 Rac8 17. Qb3 e5 18. Ba3 Nc5 19. Nf3 Nxb3 20. Bxe7 Nxc1 21. Rxd8+ Rxd8 22. Bxd8 Nxe2+ 23. Nxe2 Nd7 24. Bc7 f5 25. Nc3 h6 26. Na4 b5 27. cxb5 axb5 28. Nc3 b4 29. Nb5 Bd5 30. Bd6 Bf8 31. Bxe5 Nxe5 32. Nxe5 Bxa2 33. Nxg6 b3 34. Nxf8 b2 35. Nc3 Kxf8 36.
Kf1 Ke7 37. Ke2 Kf6 38. Kd2 b1=Q 39. Nxb1 Bxb1 40. Kc3 Kg5 41. Kd4 h5 42. Ke5 Be4 43. g3 Kg6 44. Kf4 Bg2 45. h4 Kf6 46. f3 Bh3 47. e4 Kg6 48. e5 Bg2 49. e6 Kf6 50. e7 Kxe7 51. g4 Bxf3 52. gxf5 Bd5 53. Kg5 Bf7 54. Kf4 Kf6 55. Ke4 Be8 56. Kf4 Bc6 57.
Kg3 Ke5 58. f6 Bd5 59. f7 Bxf7 60. Kf2 Kf4 61. Kg2 Kg4 62. Kh2 Kxh4 63. Kg1 Kg4 64. Kh2 h4 65. Kg1 Bd5 66. Kh2 h3 67. Kg1 Kg3 0-1

[Event "Early-Titled-Tuesday-Blitz-October-03-2023"]
[Site "Chess.com"]
[Date "2023.10.03"]
[Round "7"]
[White "PoXerStar"]
[Black "Malysch"]
[Result "1-0"]
[WhiteElo "2435"]
[BlackElo "2506"]
[TimeControl "180+1"]
[EndTime "9:21:02 PDT"]
[Termination "PoXerStar won on time"]

1. g3 Nf6 2. Bg2 d5 3. Nf3 Bg4 4. b3 c6 5. Bb2 Nbd7 6. d3 e6 7. Nbd2 Bd6 8. c4 O-O 9. h3 Bh5 10.
g4 Bg6 11. Nh4 e5 12. Nxg6 hxg6 13. cxd5 Nxd5 14. a3 Nf4 15. Bf3 Nc5 16. Ne4 Re8 17.
Nxd6 Qxd6 18. b4 Nce6 19. Qd2 Nd4 20. Bxd4 Qxd4 21. Rd1 Rad8 22. Be4 Qb6 23. e3 Nxd3+ 24. Bxd3 e4 25. Qc3 exd3 26. Rxd3 Qa6 27. Rd2 Rxd2 28. Qxd2 Qxa3 29. O-O Qb3 30. Ra1 a6 31. Qd7 Re4 32. Qxb7 Rxb4 33. Qxc6 Rb6 34. Qc8+ Kh7 35. Qd8 Qb2 36.
Qh4+ Kg8 37. Rd1 Rb8 38. Rd8+ Rxd8 39. Qxd8+ Kh7 40. Qh4+ Kg8 41. Qd8+ Kh7 42. Qd7 Qf6 43. Qa4 Qb6 44. Qa2 f6 45. Qa4 Qb5 46. Qc2 a5 47.
h4 Qb4 48. f3 Kh6 49. Kg2 a4 50. Kg3 a3 51. f4 Qb2 52. g5+ Kh7 53. Qe4 fxg5 54.
h5 gxf4+ 55. exf4 Qb6 56. Qc2 Qe6 57. Kf3 Qd5+ 58. Kg3 Qxh5 59. Qa2 Qa5 60. Kf3 Qa4 61. Kg4 Qa8 62. Qh2+ Kg8 63. Qa2+ 1-0

[Event "Early-Titled-Tuesday-Blitz-October-03-2023"]
[Site "Chess.com"]
[Date "2023.10.03"]
[Round "7"]
[White "HrvojeZagreb"]
[Black "MaxLeto"]
[Result "0-1"]
[WhiteElo "2317"]
[BlackElo "2480"]
[TimeControl "180+1"]
[EndTime "9:21:05 PDT"]
[Termination "MaxLeto won by checkmate"]

1. f4 d5 2. b3 c5 3. Bb2 Nc6 4. Nf3 Bf5 5. e3 e6 6. Bb5 Rc8 7. O-O a6 8. Bxc6+ Rxc6 9. d3 Nf6 10.
Nbd2 Be7 11. Qe1 h6 12. e4 Bh7 13. Qg3 O-O 14. Ne5 Rc7 15. Ng4 Nxg4 16. Qxg4 Bf6 17. e5 Be7 18. Rf3 Bf5 19. Qh5 Kh7 20. g4 Bg6 21.
Qh3 f5 22. g5 b5 23. Kh1 Qe8 24. Rg1 Bh5 25. Rfg3 Bd8 26. Nf3 d4 27. g6+ Bxg6 28. Rxg6 Qxg6 29. Rxg6 Kxg6 30. Nh4+ Kh7 31. Qg3 g5 32.
Ng2 Rg7 33. Qh3 g4 34. Qg3 h5 35. Nh4 Rfg8 36. Bc1 Be7 37. Bd2 Rc8 38. Be1 Rc7 39.
Qg2 Rg8 40. Qe2 Rgc8 41. Qg2 c4 42. bxc4 bxc4 43. dxc4 Rxc4 44. Qb7 R8c7 45. Qxa6 R4c6 46. Qa4 Rxc2 47. Qe8 Bxh4 48. Qxh5+ Kg7 49. Bxh4 Rc1+ 50. Kg2 R7c2+ 51. Bf2 d3 52. Qg5+ Kf7 53. Qh5+ Ke7 54. Qh7+ Kd8 55. Qg8+ Kc7 56. Qf7+ Kd8 57. Qf6+ Kc7 58.
Qf7+ Kb8 59. Qa7+ Kc8 60. Qa6+ Kc7 61. Qa7+ Kc6 62. Qa6+ Kd5 63. Qb7+ Kc4 64. Qc6+ Kb4 65. Qxe6 Kc3 66. Qb6 Kd2 67. Qa5+ Ke2 68. Qd5 d2 69. Qb5+ Rc4 70. Qa6 d1=Q 71. Qb5 Qf1+ 72. Kg3 Qxf2# 0-1